 Dungeon Sprint DCSS version 0.19.1 (webtiles) character file.

381 KingBobo974 the Grappler (level 6, -1/59 HPs)
             Began as a Troll Berserker on Dec 14, 2016.
             Was a High Priest of Trog.
             Slain by a white ugly thing (16 damage)
             ... in the Dungeon (Sprint IX: "|||||||||||||||||||||||||||||").
             The game lasted 00:01:47 (141 turns).

KingBobo974 the Grappler (Troll Berserker)           Turns: 141, Time: 00:01:48

Health: -1/59      AC:  7    Str: 28    XL:     6   Next: 46%
Magic:  5/5        EV: 10    Int:  3    God:    Trog [*****.]
Gold:   0          SH:  0    Dex: 12    Spells: 0 memorised, 5 levels left

rFire  . . .     SeeInvis .       - Unarmed
rCold  . . .     Gourm    +     a - +0 animal skin
rNeg   . . .     Faith    .     (no shield)
rPois  .         Spirit   .     (helmet restricted)
rElec  .         Reflect  .     (no cloak)
rCorr  .         Harm     .     (gloves unavailable)
MR     .....     NoTele   +     (boots unavailable)
Stlth  +.........               (no amulet)
                                l - +3 ring of dexterity
                                m - +2 ring of protection

@: no status effects
A: unfitting armour, claws 3, fast metabolism 3, gourmand, regeneration 1,
shaggy fur 1, tough skin 2
a: Berserk, Trog's Hand, Brothers in Arms, Burn Spellbooks, Renounce Religion


You were in the Dungeon.
You worshipped Trog.
Trog was extremely pleased with you.
You were not hungry.

You visited 1 branch

Inventory:

Armour
 a - a +0 animal skin (worn)
Jewellery
 l - a +3 ring of dexterity (right claw)
 m - a +2 ring of protection (left claw)
Wands
 k - a wand of acid (7/15)
Scrolls
 h - 2 scrolls of blinking
 j - 3 scrolls of remove curse
Potions
 c - 5 potions of curing
 d - 3 potions of heal wounds
 e - a potion of haste
 f - 4 potions of magic
 g - a potion of berserk rage
 i - a potion of invisibility
Comestibles
 b - 2 bread rations


   Skills:
 - Level 2.4 Fighting
 - Level 2.4 Dodging
 * Level 13.7 Unarmed Combat


You had 5 spell levels left.
You didn't know any spells.

Dungeon Overview and Level Annotations

Branches:
Dungeon (1/1)

Altars:
Cheibriados
Dithmenos
Elyvilon
Fedhas
Gozag
Hepliaklqana
Kikubaaqudgha
Makhleb
Nemelex Xobeh
Okawaru
Qazlal
Ru
Sif Muna
Trog
Uskayaw
Vehumet
Xom
Yredelemnul
Zin
The Shining One
Beogh
Jiyva
Lugonu


Innate Abilities, Weirdness & Mutations

You are too large for most types of armour.
You have claws for hands.
Your metabolism is lightning-fast.
You like to eat raw meat.
Your natural rate of healing is unusually fast.
You are covered in fur. (AC +1)
You have very tough skin. (AC +2)


Message History

You kill the ice beast!
Trog accepts your kill.
Your Unarmed Combat skill increases to level 13!
You scratch the worker ant.
The worker ant is lightly wounded.
The worker ant bites you but does no damage.
You mangle the worker ant!!
You kill the worker ant!
Trog accepts your kill.
The white ugly thing gores you but does no damage.
You barely miss the white ugly thing. You claw the white ugly thing!
The white ugly thing is lightly wounded.
The white ugly thing gores you! The white ugly thing freezes you!
You closely miss the white ugly thing. Your claw misses the white ugly thing.
The white ugly thing is lightly wounded.
The white ugly thing gores you!
* * * LOW HITPOINT WARNING * * *
The white ugly thing freezes you!
You die...

▓'▓
▓[▓
▓.▓
▓.▓
▓.▓
▓.▓
▓.▓
▓'▓
▓@▓
▓u▓
▓o▓
▓F▓
▓W▓
▓.▓
▓+▓


You could see a white ugly thing, a wraith, a bullfrog and an orc.

Vanquished Creatures
  2 ice beasts (D)
  A phantom (D)
  A hound (D)
  An iguana (D)
  2 worker ants (D)
  An adder zombie (D)
  A leopard gecko (D)
  An orc (D)
  2 bat skeletons (D)
  A hobgoblin (D)
  A kobold (D)
  A goblin (D)
  A leopard gecko skeleton (D)
  A quokka skeleton (D)
  A rat (D)
18 creatures vanquished.

Vanquished Creatures (others)
  A spatial maelstrom (D)
1 creature vanquished.

Grand Total: 19 creatures vanquished

Notes
Turn   | Place    | Note
-------+----------+-------------------------------------------
     0 | D        | KingBobo974 the Troll Berserker began the quest for the Orb.
     0 | D        | Reached XP level 1. HP: 22/22 MP: 0/0
     2 | D        | Banished a spatial maelstrom
    16 | D        | Reached ** piety under Trog
    16 | D        | Reached skill level 4 in Unarmed Combat
    25 | D        | Noticed a hound
    25 | D        | Noticed a worker ant
    29 | D        | Killed a hound
    29 | D        | Reached *** piety under Trog
    29 | D        | Reached skill level 7 in Unarmed Combat
    29 | D        | Reached XP level 2. HP: 29/29 MP: 1/1
    29 | D        | Reached XP level 3. HP: 36/36 MP: 2/2
    40 | D        | Reached skill level 8 in Unarmed Combat
    47 | D        | Found a roughly hewn altar of Beogh.
    47 | D        | Found a snail-covered altar of Cheibriados.
    47 | D        | Found a shadowy altar of Dithmenos.
    47 | D        | Found a white marble altar of Elyvilon.
    47 | D        | Found a blossoming altar of Fedhas.
    47 | D        | Found an opulent altar of Gozag.
    48 | D        | Found a hazy altar of Hepliaklqana.
    49 | D        | Found a viscous altar of Jiyva.
    50 | D        | Found an ancient bone altar of Kikubaaqudgha.
    51 | D        | Found a corrupted altar of Lugonu.
    52 | D        | Found a burning altar of Makhleb.
    53 | D        | Found a sparkling altar of Nemelex Xobeh.
    54 | D        | Found an iron altar of Okawaru.
    55 | D        | Found a stormy altar of Qazlal.
    56 | D        | Found a sacrificial altar of Ru.
    57 | D        | Found a deep blue altar of Sif Muna.
    58 | D        | Found a bloodstained altar of Trog.
    59 | D        | Found a hide-covered altar of Uskayaw.
    60 | D        | Found a radiant altar of Vehumet.
    61 | D        | Found a shimmering altar of Xom.
    62 | D        | Found a basalt altar of Yredelemnul.
    63 | D        | Found a glowing silver altar of Zin.
    64 | D        | Found a glowing golden altar of the Shining One.
   103 | D        | Noticed an ice beast
   103 | D        | Noticed a phantom
   106 | D        | Killed an ice beast
   106 | D        | Reached **** piety under Trog
   106 | D        | Reached skill level 10 in Unarmed Combat
   106 | D        | Reached XP level 4. HP: 44/44 MP: 3/3
   106 | D        | Reached XP level 5. HP: 50/50 MP: 4/4
   117 | D        | Killed a phantom
   117 | D        | Reached skill level 12 in Unarmed Combat
   121 | D        | Reached ***** piety under Trog
   123 | D        | Reached XP level 6. HP: 59/59 MP: 5/5
   131 | D        | Noticed an ice beast
   131 | D        | Noticed a white ugly thing
   131 | D        | Noticed a wraith
   135 | D        | Killed an ice beast
   135 | D        | Reached skill level 13 in Unarmed Combat
   141 | D        | Slain by a white ugly thing

Skill      XL: |  1  2  3  4  5  6 |
---------------+-------------------+-----
Unarmed Combat | 7 10 12 13 | 13.7
Fighting       | |  2.4
Dodging        | |  2.4

Action                   |  1- 3 |  4- 6 || total
-------------------------+-------+-------++-------
Melee: Unarmed           |    32 |    25 ||    57
       Punch             |       |     1 ||     1
 Stab: Distracted        |     1 |       ||     1
Armor: Animal skin       |     8 |     9 ||    17
Dodge: Dodged            |     9 |     6 ||    15
